 Dungeon Crawl Stone Soup version 0.28-a0-1339-ga5422284a4 (webtiles) character file.

Game seed: 4175038438647138176

15738 avis the Unseen (level 12, -5/77 HPs)
             Began as a Kobold Brigand on Dec 27, 2021.
             Was an Elder of Wu Jian.
             Killed from afar by a tengu conjurer (26 damage)
             ... with a bolt of lightning
             ... on level 13 of the Dungeon on Dec 29, 2021.
             The game lasted 01:56:35 (19317 turns).

avis the Unseen (Kobold Brigand)                   Turns: 19317, Time: 01:56:36

Health: -5/77      AC:  9    Str:  9    XL:     12   Next: 61%
Magic:  13/13      EV: 27    Int: 15    God:    Wu Jian [****..]
Gold:   362        SH:  9    Dex: 27    Spells: 7/13 levels left

rFire   . . .      SeeInvis .   a - +2 dagger (venom)
rCold   . . .      Faith    .   r - +1 buckler {reflect}
rNeg    . . .      Spirit   .   L - +0 steam dragon scales
rPois   +          Reflect  +   D - +0 hat {Int+3}
rElec   .          Harm     .   c - +0 cloak
rCorr   .          Rampage  .   l - +0 pair of gloves
Will    .....                   B - +1 pair of boots {Stlth+}
Stlth   +++++++++.              (no amulet)
HPRegen 0.22/turn               h - ring of poison resistance
MPRegen 0.13/turn               S - +6 ring of dexterity

@: lethally poisoned (-5 -> -10), exhausted
A: small, no large weapons, nightstalker 3
a: Renounce Religion, Wall Jump, Serpent's Lash


You were on level 13 of the Dungeon.
You worshipped Wu Jian.
Wu Jian was greatly pleased with you.
You visited 2 branches of the dungeon, and saw 14 of its levels.
You also visited: Ossuary.

You collected 560 gold pieces.
You spent 198 gold pieces at shops.

Inventory:

Hand Weapons
 a - a +2 dagger of venom (weapon)
 b - a +2 dagger of speed
 u - a +0 hand crossbow
 w - a +4 scimitar of flaming
 M - a +4 shortbow
Missiles
 d - 56 poisoned darts (quivered)
 k - 90 sling bullets
 p - 19 boomerangs
 t - 130 arrows
 I - 57 bolts
 P - a curare-tipped dart
 R - 57 stones
Armour
 c - a +0 cloak (worn)
 l - a +0 pair of gloves (worn)
 r - a +1 buckler of reflection (worn)
 B - a +1 pair of boots of stealth (worn)
 D - a +0 hat of intelligence (worn)
 L - +0 steam dragon scales (worn)
 O - a +0 robe of willpower
Jewellery
 h - a ring of poison resistance (left hand)
 j - a ring of protection from cold
 J - a ring of positive energy
 S - a +6 ring of dexterity (right hand)
Wands
 e - a wand of paralysis (1)
 C - a wand of mindburst (20)
 E - a wand of acid (9)
 H - a wand of iceblast (12)
 T - a wand of flame (9)
Scrolls
 f - 3 scrolls of fear
 i - 2 scrolls of identify
 m - a scroll of noise
 o - a scroll of fog
 s - 4 scrolls of blinking
 y - a scroll of magic mapping
 F - 3 scrolls of immolation
 K - a scroll of enchant armour
Potions
 g - 3 potions of brilliance
 n - 2 potions of flight
 q - a potion of haste
 x - a potion of cancellation
 z - 5 potions of lignification
 A - 2 potions of curing
 G - 2 potions of heal wounds
 Q - a potion of might {unknown}
Miscellaneous
 N - a phantom mirror


   Skills:
 - Level 10.0 Fighting
 - Level 10.0 Short Blades
 - Level 2.1 Throwing
 - Level 1.0 Armour
 - Level 12.1 Dodging
 - Level 15.0 Stealth
 - Level 5.6 Shields
 * Level 1.2 Spellcasting
 * Level 1.2 Transmutations
 * Level 1.3 Earth Magic


You had 7 spell levels left.
You knew the following spells:

 Your Spells              Type           Power      Damage    Failure   Level
S - Statue Form           Tmut/Erth      2%         N/A       100%        6

Your spell library contained the following spells:

 Spells                   Type           Power      Damage    Failure   Level
 Foxfire                  Conj/Fire      0%         2x1d4     24%         1
 Magic Dart               Conj           0%         1d3       24%         1
 Searing Ray              Conj           0%         2d4       36%         2
 Conjure Flame            Conj/Fire      0%         6-21      58%         3
 Gell's Gravitas          Tloc           0%         N/A       58%         3
 Inner Flame              Hex/Fire       0%         N/A       58%         3
 Teleport Other           Tloc           0%         N/A       58%         3
 Petrify                  Tmut/Erth      4%         N/A       80%         4
 Flame Wave               Conj/Fire      0%         2d4       94%         4
 Fulminant Prism          Conj/Hex       0%         3d6       94%         4
 Metabolic Englaciation   Hex/Ice        0%         N/A       100%        5
 Dispersal                Tloc           0%         N/A       100%        6


Dungeon Overview and Level Annotations

Branches:
Dungeon (14/15)            Temple (1/1) D:4             Orc (0/2) D:9
Ossuary (visited)
   Lair: D:8-11      Vaults: D:13-14

Altars:
Ashenzari
Cheibriados
Dithmenos
Elyvilon
Fedhas
Gozag
Hepliaklqana
Kikubaaqudgha
Makhleb
Nemelex Xobeh
Okawaru
Qazlal
Ru
Sif Muna
Trog
Uskayaw
Vehumet
Wu Jian
Xom
Yredelemnul
Zin
The Shining One

Shops:
D:4 *   D:9 =*=*   D:11 *

Annotations:
D:9 3 runed translucent doors, exclusion: obsidian statue
D:13 Frances


Innate Abilities, Weirdness & Mutations

You are small and have problems with some larger weapons.
You are completely attuned to the shadows.


Message History

Frances screams a word of power!
Frances seems to speed up.
The tengu conjurer mumbles some strange words.
The tengu conjurer conjures a globe of magical energy!
The orange demon stings you from afar.
You are poisoned.
The orange demon poisons you!
A battlesphere comes into view.
You feel very sick.
You spin and attack the tengu conjurer repeatedly.
You miss the tengu conjurer. You closely miss the tengu conjurer.
You feel very sick.
The centaur shoots an arrow.
You reflect the arrow off your +1 buckler of reflection!
The arrow hits the centaur!
The tengu conjurer misses you. You block the tengu conjurer's attack.
The tengu conjurer completely misses you.
The orange demon completely misses you.
The orange demon hits you but does no damage.
You hear a shout!
You feel very sick.
The centaur shoots an arrow.
You reflect the arrow off your +1 buckler of reflection!
The arrow hits the centaur!
You kill the centaur!
The Council accepts your kill.
The orange demon stings you but does no damage.
You feel very sick.
You feel sick.
Frances screams a word of power!
The iron shot misses you.
The tengu conjurer casts a spell.
The tengu conjurer blinks!
The centaur shouts!
You feel sick.
The howler monkey howls!
The centaur shoots an arrow.
The arrow completely misses you.
The tengu conjurer casts a spell at you.
The bolt of lightning hits you!!
You die...

......,,,,.(...........,,,*
#......,,,.[...........,,,*
#......,,,,...........,,,,*
#......,,,,...C.......,,,,*
#............*).43....,,,,*
##..........cQc4......,,,**
.#..........#...@.#...,,*****
.........#....#..###..,,,,,,*
..#........#####@# **,,,,,,,*
.........### #.# *,,,,,,,*
...........##**#h#***,,,,,,,*
..............,...,,,,,,,,,,*
.........###..*#.#***,,,,,,,*
...#..##.##...,,,** *,,,,,,,*
..##..,#yyh...,,,,* *,,,,,,,*
***,,...h##...,,,,***********
,,,,*..#.#*,..,,,,,,*********


You could see Frances (fast, empowered, very poisoned), 2 orange demons, a
ynoxinul (summoned), a tengu conjurer, 2 centaurs, a howler monkey and a
battlesphere.

Vanquished Creatures
  Gastronok (D:8)
  A boulder beetle (D:11)
  2 hydras (D:11)
  A centaur warrior (D:13)
  A two-headed ogre (D:11)
  Erica (D:11)
  A manticore (D:9)
  2 cyclopes
  Maggie (D:7)
  An unseen horror (D:10)
  A komodo dragon (D:11)
  A hornet (D:10)
  A blink frog (shapeshifter) (D:13)
  A meliai zombie (D:11)
  2 wraiths
  8 yaks (D:9)
  A shadow (D:10)
  Grum (D:10)
  2 steam dragons
  A water moccasin (D:5)
  An acid dragon (D:10)
  4 orc warriors
  2 black bears
  2 ogres (D:4)
  4 necrophages
  4 wolves (D:10)
  9 centaurs
  A phantom (D:6)
  2 kobold brigands
  3 bullfrogs
  11 scorpions
  2 gnoll sergeants (D:9)
  A wyvern skeleton (D:7)
  2 wights (D:8)
  19 killer bees
  2 howler monkeys
  3 bullfrog zombies
  4 centaur zombies
  2 jellies
  5 orc priests
  A gnoll shaman (D:7)
  3 human zombies (Ossuary)
  2 hounds (D:5)
  3 centaur skeletons
  Jessica (D:3)
  2 iguanas
  Natasha (twice) (D:3)
  8 orc wizards
  3 scorpion zombies (Ossuary)
  3 killer bee zombies
  A hound zombie (D:5)
  2 howler monkey zombies
  5 mummies
  18 gnolls
  A howler monkey skeleton (D:4)
  3 adders (D:2)
  A white imp (D:7)
  An ufetubus (D:3)
  An adder zombie (D:5)
  An adder skeleton (D:4)
  2 dart slugs
  25 orcs
  7 bats
  8 endoplasms
  3 giant cockroaches
  8 hobgoblins
  3 jackals (D:4)
  2 quokkas (D:2)
  5 ball pythons
  10 frilled lizards
  5 goblins
  5 goblin zombies (Ossuary)
  5 hobgoblin zombies
  10 kobolds
  5 kobold zombies
  2 orc zombies (Ossuary)
  4 rats
285 creatures vanquished.

Vanquished Creatures (others)
  A quokka (D:4)
  A plant (D:2)
2 creatures vanquished.

Grand Total: 287 creatures vanquished

Notes
Turn   | Place    | Note
-------+----------+-------------------------------------------
     0 | D:1      | avis the Kobold Brigand began the quest for the Orb.
     0 | D:1      | Reached XP level 1. HP: 12/12 MP: 1/1
    50 | D:1      | Reached XP level 2. HP: 18/18 MP: 2/2
   465 | D:1      | Reached XP level 3. HP: 22/22 MP: 3/3
  1467 | D:2      | Noticed a scorpion
  1470 | D:2      | Reached XP level 4. HP: 27/27 MP: 4/4
  1472 | D:2      | Killed a scorpion
  1473 | D:2      | Reached skill level 5 in Short Blades
  1473 | D:2      | Reached skill level 6 in Stealth
  1473 | D:2      | Reached XP level 5. HP: 32/32 MP: 5/5
  2901 | D:3      | Found a faded altar of an unknown god.
  2993 | D:3      | Noticed Jessica
  2997 | D:3      | Killed Jessica
  3360 | D:3      | Noticed Natasha
  3366 | D:3      | Killed Natasha
  3367 | D:3      | Reached XP level 6. HP: 37/37 MP: 6/6
  3519 | D:3      | Noticed Natasha
  3523 | D:3      | Killed Natasha
  3602 | D:4      | Found a staircase to the Ecumenical Temple.
  3608 | Temple   | Entered the Ecumenical Temple
  3784 | Temple   | Became a worshipper of the Wu Jian Council
  4369 | D:4      | Noticed an ogre
  4406 | D:4      | Killed an ogre
  4407 | D:4      | Reached skill level 7 in Stealth
  4428 | D:4      | Reached XP level 7. HP: 20/41 MP: 7/7
  4736 | D:4      | Found Huco's General Store.
  5296 | D:5      | Entered Level 5 of the Dungeon
  5387 | D:5      | Found a sand-covered staircase.
  5391 | Ossuary  | Entered an ossuary
  5623 | Ossuary  | Reached skill level 1 in Armour
  5623 | Ossuary  | Reached skill level 8 in Stealth
  5623 | Ossuary  | Reached XP level 8. HP: 33/46 MP: 8/8
  6144 | Ossuary  | Reached * piety under Wu Jian
  6539 | Ossuary  | Reached skill level 10 in Short Blades
  6539 | Ossuary  | Reached skill level 9 in Stealth
  6989 | Ossuary  | Reached skill level 10 in Stealth
  7292 | D:5      | Reached XP level 9. HP: 43/50 MP: 9/9
  9147 | D:6      | Reached skill level 5 in Dodging
  9172 | D:6      | Reached skill level 5 in Fighting
  9539 | D:6      | Reached skill level 11 in Stealth
 10365 | D:6      | Reached ** piety under Wu Jian
 10616 | D:6      | Reached XP level 10. HP: 61/61 MP: 10/10
 10936 | D:4      | Bought a +1 pair of boots of stealth for 198 gold pieces
 11065 | Temple   | Upgraded the game from 0.28-a0-1286-g6bde065e89 to
                  | 0.28-a0-1312-g71652a0310
 11505 | D:7      | Noticed Maggie
 11507 | D:7      | Killed Maggie
 11508 | D:7      | Reached skill level 12 in Stealth
 12530 | D:8      | Noticed Gastronok
 12535 | D:8      | Killed Gastronok
 12665 | D:8      | Reached *** piety under Wu Jian
 13611 | D:9      | Reached XP level 11. HP: 66/67 MP: 11/11
 13612 | D:9      | Found Tax Pye's Jewellery Boutique.
 13652 | D:9      | Reached skill level 13 in Stealth
 13700 | D:9      | Found a staircase to the Orcish Mines.
 13712 | D:9      | Noticed a manticore
 13715 | D:9      | Killed a manticore
 13785 | D:9      | Found Ojoxze's Assorted Antiques.
 14183 | D:9      | Found a basalt altar of Yredelemnul.
 14408 | D:9      | Found a runed translucent gate.
 14409 | D:9      | Found a runed translucent gate.
 14410 | D:9      | Found an opulent altar of Gozag.
 14410 | D:9      | Found a runed translucent gate.
 14412 | D:9      | Noticed an obsidian statue
 14461 | D:9      | Reached skill level 10 in Fighting
 14603 | D:9      | Reached skill level 10 in Dodging
 14812 | D:9      | Found Kustroda's Jewellery Boutique.
 14863 | D:9      | Found Piupil's General Store.
 15033 | D:9      | Reached **** piety under Wu Jian
 15798 | D:10     | Entered Level 10 of the Dungeon
 15984 | D:10     | Reached skill level 14 in Stealth
 16281 | D:10     | Upgraded the game from 0.28-a0-1312-g71652a0310 to
                  | 0.28-a0-1339-ga5422284a4
 16512 | D:10     | Reached skill level 1 in Shields
 16533 | D:10     | Noticed Grum
 16599 | D:10     | Killed Grum
 17771 | D:11     | Found Nylulies's Assorted Antiques.
 17883 | D:11     | Noticed a six-headed hydra
 17885 | D:11     | Killed a six-headed hydra
 17891 | D:11     | Noticed a boulder beetle
 17892 | D:11     | Noticed a two-headed ogre
 17895 | D:11     | Killed a boulder beetle
 17896 | D:11     | Reached XP level 12. HP: 77/77 MP: 12/12
 17896 | D:11     | Killed a two-headed ogre
 18391 | D:11     | Noticed a four-headed hydra
 18417 | D:11     | Killed a four-headed hydra
 18418 | D:11     | Reached skill level 15 in Stealth
 18625 | D:11     | Noticed Erica
 18638 | D:11     | Paralysed by something for 2 turns
 18654 | D:11     | Paralysed by something for 3 turns
 18655 | D:11     | Killed Erica
 18837 | D:11     | Reached skill level 5 in Shields
 19090 | D:11     | You fall into a shaft and drop 3 floors!
 19115 | D:13     | Learned a level 6 spell: Statue Form
 19150 | D:13     | Noticed a centaur warrior
 19261 | D:13     | Killed a centaur warrior
 19262 | D:13     | Reached skill level 1 in Spellcasting
 19262 | D:13     | Reached skill level 1 in Transmutations
 19262 | D:13     | Reached skill level 1 in Earth Magic
 19304 | D:13     | Noticed Frances
 19317 | D:13     | Killed from afar by a tengu conjurer

Illustrated notes

Levels and vault maps discovered:
D:1:      wander_arrival_desolate, layout_basic
D:2:      layout_loops_corners, grunt_ministairs_10, minmay_lizard_king
D:3:      layout_basic, basic_ecumenical_altar, uniq_natasha, uniq_jessica
D:4:      layout_rooms, lemuel_temple_firewalk_b, serial_shops,
          nicolae_take_the_stairs, chequers_serial_rivers_room_a,
          minmay_increasing_density
D:5:      layout_loops_ring, nicolae_ossuary_entry_giza, kennysheep_nub
D:6:      layout_loops_ring
D:7:      layout_basic, uniq_maggie
D:8:      layout_gridville, serial_undead, serial_undead_d, serial_undead_d,
          serial_undead_a, serial_undead_c, uniq_gastronok
D:9:      layout_loops_corners, mainiacjoe_overflow_cross_hatched, orc_0_dummy,
          serial_shops, shop, shop, nicolae_shop_trees, kennysheep_mini,
          ebering_ghost_gozag
D:10:     layout_irregular_city, uniq_grum
D:11:     kennysheep_ambush_hall, layout_loops_ring,
          grunt_lair_entry_orc_guard_hut, serial_shops,
          nicolae_shop_advertising_works [nicolae_subvault_shop_adworks],
          uniq_erica
D:13:     layout_rooms, erik_vaults_1, uniq_frances, uniq_rupert
D:14:     layout_loops_ring, nrook_mini_backslash, serial_co_window_serial,
          co_window_paths_b, co_window_corner_a, co_window_paths_a,
          co_window_paths_a, co_window_corner_a, co_window_corner_ca,
          co_window_2corner, co_window_cross_4, co_window_broadway_a,
          co_window_broadway_b, co_window_corner_b, co_window_4corner_a,
          glass_columns_c, glass_columns_b, uniq_roxanne, uniq_jorgrun
Temple:   kilobyte_greek_temple

Skill      XL: |  1  2  3  4  5  6  7  8  9 10 11 12 |
---------------+-------------------------------------+-----
Short Blades   | 3 4 5 6 7 8 10 | 10.0
Fighting       | 3 6 9 10 | 10.0
Stealth        | 6 7 8 10 11 12 14 15 | 15.0
Dodging        | 2 3 4 6 8 11 12 | 12.1
Armour         | 1 |  1.0
Shields        | 3 5 |  5.6
Spellcasting   | 1 |  1.2
Transmutations | 1 |  1.2
Earth Magic    | 1 |  1.3
Throwing       | |  2.1

Action                   |  1- 3 |  4- 6 |  7- 9 | 10-12 || total
-------------------------+-------+-------+-------+-------++-------
Melee: Dagger            |    77 |    78 |   696 |   819 ||  1670
 Fire: Hunting sling     |     1 |       |    55 |     4 ||    60
Throw: Boomerang         |       |       |     5 |       ||     5
       Dart              |       |       |       |     5 ||     5
Invok: Lunge             |       |     4 |    22 |    71 ||    97
       Whirlwind         |       |       |    32 |    18 ||    50
       Serpent's Lash    |       |       |       |     1 ||     1
 Abil: Wall Jump         |       |       |       |     1 ||     1
Evoke: Wand              |       |     8 |     6 |     8 ||    22
  Use: Scroll            |       |       |    15 |     9 ||    24
       Potion            |       |       |     1 |     3 ||     4
 Stab: Sleeping          |    20 |    25 |    27 |    66 ||   138
       Distracted        |       |       |       |     2 ||     2
Armor: Robe              |     6 |     6 |    97 |     1 ||   110
       Acid dragon scale |       |       |       |    19 ||    19
       Steam dragon scal |       |       |       |    60 ||    60
Dodge: Dodged            |    37 |    21 |   273 |   460 ||   791
Block: Buckler           |       |       |       |    64 ||    64
       Reflection        |       |       |       |    12 ||    12

Table legend: (Time is in decaauts)
 A = Elapsed time spent in this place.
 B = Non-inter-level travel time spent in this place.
 C = Inter-level travel time spent in this place.
 D = Time resting spent in this place.
 E = Time spent auto-exploring this place.
 F = Levels seen in this place.
 G = Mean time per level.
                   A        B        C        D        E       F      G
               +--------+--------+--------+--------+--------+-----+--------+
         Total |  18624 |  16609 |   2015 |   5672 |   7262 |  15 | 1241.6 |
       Dungeon |  16657 |  14686 |   1971 |   4661 |   7108 |  13 | 1281.3 |
        Temple |    271 |    227 |     44 |      0 |    154 |   1 |  271.0 |
       Ossuary |   1695 |   1695 |      0 |   1011 |      0 |   1 | 1695.0 |
               +--------+--------+--------+--------+--------+-----+--------+

Top non-repeatable levels by time:
     D:5: 2430 daAuts
    D:10: 2045 daAuts
     D:4: 1924 daAuts
 Ossuary: 1695 daAuts
     D:9: 1562 daAuts
     D:6: 1472 daAuts
     D:3: 1330 daAuts
     D:2: 1230 daAuts
     D:1: 1131 daAuts
     D:8: 1128 daAuts
     D:7: 1110 daAuts
    D:11: 1087 daAuts
  Temple: 271 daAuts
    D:13: 192 daAuts
    D:14: 11 daAuts
